AoeStats
← Hugh Jass

Arabia

510640620Analyzed
4v4 RM · 13h ago on Oct 1, 2026· 87m 49s· 8 players
Game mode
Random Map
Map size
Large (8 player)
Population
200
Speed
Normal
Resources
Standard
Victory
Conquest
Starting age
Dark Age
Ending age
Imperial Age
RankedLock teamsTeams togetherTeam positionsShared explorationLock speedFull tech treeHidden civsTurbo modeCheats
Victory
Defeat
🇨🇴 Maya · Colombia
723
+14
🇨🇦 Bohemians · Canada
719
+15
🇪🇬 Turks · Egypt
697
+15
🇨🇳 Saxons · China
695
+16
🇨🇦 Spanish · Canada
744
-17
🇦🇷 Huns · Argentina
734
-17
🇨🇱 Cumans · Chile
664
-14
🇨🇱 Chinese · Chile
608
-12
伐木王
0:38 Loom
0:44 Loom
10:02 Feudal Age
10:55 Double-Bit Axe
14:36 Horse Collar
17:05 Gold Mining
18:13 Bloodlines
24:01 Castle Age
22:20 Forging
25:02 Scale Barding Armor
25:32 Iron Casting
25:13 Bow Saw
26:12 Husbandry
25:34 Light Cavalry
29:17 Husbandry
29:49 Chain Barding Armor
29:21 Fletching
30:53 Padded Archer Armor
33:27 Gold Shaft Mining
33:17 Stone Mining
34:20 Leather Archer Armor
34:00 Bodkin Arrow
34:54 Treadmill Crane
35:41 Ballistics
44:29 Imperial Age
42:40 Wheelbarrow
44:35 Heavy Mounted Crossbowman
44:35 Cranequins
47:03 Ring Archer Armor
46:34 Bracer
58:44 Caravan
76:56 Chemistry
78:00 Scale Mail Armor
78:34 Thumb Ring
Hugh Jass
13:09 Feudal Age
19:28 Castle Age
17:53 Double-Bit Axe
32:41 Pikeman
32:44 Man-at-Arms
41:31 Chemistry
43:19 Imperial Age
44:09 Caravan
45:56 Wheelbarrow
45:20 Halberdier
45:38 Houfnice
50:53 Bow Saw
78:08 Hand Cart
79:21 Two-Man Saw
81:01 Siege Engineers
Legend
2:18 Loom
15:28 Feudal Age
19:33 Castle Age
17:57 Double-Bit Axe
21:22 Gold Mining
29:39 Imperial Age
28:04 Fervor
28:43 Gold Shaft Mining
28:45 Bow Saw
29:17 Horse Collar
30:20 Capped Ram
35:30 Stone Mining
37:02 Wheelbarrow
36:13 Town Watch
38:14 Bombard Tower
39:34 Ballistics
40:02 Treadmill Crane
40:19 Murder Holes
41:51 Hand Cart
41:36 Town Patrol
47:49 Siege Ram
50:16 Elite Janissary
51:21 Fletching
51:32 Padded Archer Armor
51:42 Forging
51:33 Scale Mail Armor
51:39 Scale Barding Armor
53:13 Artillery
54:40 Town Patrol
55:16 Bodkin Arrow
55:36 Leather Archer Armor
55:47 Masonry
57:00 Husbandry
57:10 Bloodlines
60:19 Iron Casting
60:05 Chain Barding Armor
59:46 Bracer
60:02 Leather Archer Armor
60:03 Chain Mail Armor
61:37 Architecture
62:01 Hoardings
63:16 Blast Furnace
62:52 Plate Barding Armor
63:07 Heavy Plow
65:35 Two-Man Saw
67:39 Ring Archer Armor
67:39 Plate Mail Armor
71:29 Arrowslits
81:11 Caravan
81:41 Coinage
81:22 Guilds
sergiorh300
0:34 Loom
11:10 Feudal Age
12:16 Double-Bit Axe
12:45 Horse Collar
18:39 Castle Age
16:39 Stone Mining
17:29 Fletching
17:40 Padded Archer Armor
21:16 Bodkin Arrow
21:37 Leather Archer Armor
35:02 Forging
34:53 Scale Mail Armor
41:24 Imperial Age
39:50 Eagle Warrior
40:40 Squires
41:24 Iron Casting
46:28 Arson
51:06 Bow Saw
50:58 Heavy Plow
52:02 Chemistry
51:23 Ballistics
50:39 Pikeman
54:01 Blast Furnace
53:16 Chain Mail Armor
53:02 Bracer
53:33 Ring Archer Armor
53:46 Elite Eagle Warrior
64:26 Gold Mining
67:03 Holcans
67:12 Conscription
68:51 Halberdier
70:05 Plate Mail Armor
Leeroy Jenkins 2012
1:07 Loom
11:13 Feudal Age
12:19 Double-Bit Axe
12:42 Town Watch
17:58 Horse Collar
20:43 Castle Age
21:43 Bow Saw
21:39 Gambesons
22:58 Scale Barding Armor
23:05 Forging
22:56 Scale Mail Armor
22:46 Fletching
28:43 Caravan
30:01 Heavy Plow
33:39 Bodkin Arrow
33:49 Pikeman
34:51 Chain Barding Armor
35:07 Iron Casting
35:55 Chain Mail Armor
35:42 Squires
36:32 Husbandry
36:42 Bloodlines
39:03 Wheelbarrow
39:54 Masonry
40:11 Hand Cart
40:53 Town Patrol
40:59 Murder Holes
41:53 Ballistics
41:28 Guard Tower
45:09 Imperial Age
45:27 Cavalier
46:31 Conscription
46:32 Supremacy
46:12 Inquisition
45:33 Elite Conquistador
46:48 Hoardings
45:44 Sappers
45:51 Halberdier
46:17 Arson
45:53 Man-at-Arms
47:04 Plate Mail Armor
47:35 Blast Furnace
48:46 Chemistry
48:18 Architecture
47:59 Fortified Wall
48:25 Keep
50:03 Bombard Tower
49:51 Long Swordsman
50:30 Arrowslits
51:56 Paladin
53:40 Coinage
53:21 Guilds
54:02 Plate Barding Armor
53:29 Bracer
Rey Escorpión
0:36 Loom
12:25 Feudal Age
13:50 Double-Bit Axe
23:01 Castle Age
24:06 Thumb Ring
25:16 Fletching
28:55 Wheelbarrow
33:43 Bodkin Arrow
37:14 Elite Skirmisher
39:24 Horse Collar
47:08 Wheelbarrow
47:49 Caravan
52:53 Bow Saw
55:47 Imperial Age
57:42 Two-Man Saw
57:14 Conscription
57:24 Town Watch
67:44 Pikeman
68:24 Squires
68:31 Squires
69:02 Halberdier
70:26 Bracer
70:39 Forging
70:33 Scale Mail Armor
70:34 Padded Archer Armor
73:16 Chemistry
77:13 Leather Archer Armor
77:38 Iron Casting
77:19 Chain Mail Armor
81:29 Elite Chu Ko Nu
MR
0:28 Loom
13:02 Feudal Age
13:34 Double-Bit Axe
18:36 Castle Age
18:14 Scale Barding Armor
18:20 Forging
20:11 Wheelbarrow
19:51 Bow Saw
22:10 Chain Barding Armor
33:49 Bloodlines
34:55 Light Cavalry
36:36 Man-at-Arms
38:07 Long Swordsman
39:31 Scale Mail Armor
42:08 Iron Casting
42:08 Chain Mail Armor
42:42 Hand Cart
42:08 Horse Collar
48:31 Imperial Age
47:12 Gold Mining
47:12 Stone Mining
50:14 Blast Furnace
49:51 Plate Barding Armor
48:40 Two-Handed Swordsman
51:15 Town Watch
51:59 Hussar
52:03 Cavalier
52:43 Husbandry
53:16 Town Patrol
59:00 Pikeman
59:43 Squires
El Elfo
0:27 Loom
10:17 Feudal Age
14:59 Double-Bit Axe
16:48 Horse Collar
19:18 Wheelbarrow
18:31 Town Watch
25:04 Castle Age
26:16 Bow Saw
29:31 Heavy Plow
30:48 Fervor
31:35 Gold Mining
35:29 Imperial Age
34:20 Bloodlines
36:19 Hand Cart
38:43 Two-Man Saw
38:15 Conscription
39:15 Hoardings
40:02 Ballistics
40:45 Chemistry
39:37 Fletching
39:48 Padded Archer Armor
40:00 Forging
40:25 Parthian Tactics
42:59 Crop Rotation
43:24 Bodkin Arrow
43:46 Leather Archer Armor
45:16 Iron Casting
44:58 Cuman Mercenaries
44:36 Light Cavalry
45:13 Bodkin Arrow
45:37 Leather Archer Armor
45:18 Elite Kipchak
45:24 Hussar
48:08 Steppe Husbandry
49:35 Ring Archer Armor
50:06 Blast Furnace
53:51 Scale Barding Armor
56:37 Chain Barding Armor
56:32 Masonry
57:31 Gold Shaft Mining
Connection lost

Rejoining the realm…

Still unreachable

The connection could not be restored.

Session expired

The server has moved on; the page needs a fresh start.